 Dungeon Crawl Stone Soup version 0.28.0-62-gf88900778d (webtiles) character file.

Game seed: 16470067796285366330

7 Coron the Sneak (level 1, 0/15 HPs)
             Began as a Deep Dwarf Enchanter on Mar 16, 2023.
             Slain by a gnoll
             ... wielding a +0 whip
              (3 damage)
             ... on level 1 of the Dungeon.
             The game lasted 00:01:38 (189 turns).

Coron the Sneak (Deep Dwarf Enchanter)               Turns: 189, Time: 00:01:38

Health: 0/15       AC:  2    Str: 11    XL:     1   Next: 91%
Magic:  3/3        EV: 12    Int: 15    God:
Gold:   44         SH:  0    Dex: 13    Spells: 3/3 levels left

rFire   . . .      SeeInvis .   d - +0 hand axe (freeze)
rCold   . . .      Faith    .   (no shield)
rNeg    . . .      Spirit   .   b - +0 robe
rPois   .          Reflect  .   (no helmet)
rElec   .          Harm     .   (no cloak)
rCorr   .          Rampage  .   (no gloves)
Will    .....                   (no boots)
Stlth   ++........              (no amulet)
HPRegen 0.00/turn               (no ring)
MPRegen 0.08/turn               (no ring)

@: no status effects
A: damage resistance, heal wounds, sense surroundings 1, no regeneration
a: Heal Wounds


You were on level 1 of the Dungeon.
You visited 1 branch of the dungeon, and saw 1 of its levels.

You collected 44 gold pieces.

Inventory:

Hand Weapons
 a - a +1 dagger
 d - a +0 hand axe of freezing (weapon)
Armour
 b - a +0 robe (worn)
 e - a +0 chain mail
 f - a +0 kite shield
Potions
 c - a potion of invisibility


   Skills:
 - Level 1.0 Short Blades
 + Level 2.4 Dodging
 + Level 3.9 Stealth
 + Level 1.9 Spellcasting
 - Level 2.4 Hexes


You had 3 spell levels left.
You didn't know any spells.
Your spell library contained the following spells:

 Spells                   Type           Power      Damage    Failure   Level
 Ensorcelled Hibernation  Hex/Ice        10%        N/A       21%         2
 Confusing Touch          Hex            8%         N/A       26%         3
 Tukima's Dance           Hex            8%         N/A       26%         3
 Dazzling Flash           Conj/Hex       10%        N/A       38%         3


Dungeon Overview and Level Annotations

Branches:
Dungeon (1/15)

Altars:


Innate Abilities, Weirdness & Mutations

You are resistant to damage.
You can heal yourself by infusing magical energy.
You passively map a small area around you.
You do not regenerate.


Message History

Found an escape hatch in the floor.
Found 9 gold pieces.
A bat comes into view.
The bat hits you. The bat closely misses you.
You closely miss the bat. The bat misses you.
The bat hits you but does no damage. The bat misses you.
You barely miss the bat. The bat hits you but does no damage. The bat hits you.
You hit the bat. You freeze the bat.
You kill the bat!
You now have 44 gold pieces (gained 9).
A rat comes into view.
Found a mace.
An endoplasm comes into view.
The helpless rat fails to defend itself.
You slash the rat! You freeze the rat.
You kill the rat!
You see here a rat corpse.
A gnoll comes into view. It is wielding a +0 whip.
The gnoll shouts!
You hear an angry hiss.
A rat comes into view.
You closely miss the rat. The rat bites you but does no damage.
You hit the rat. You freeze the rat.
You kill the rat!
A ball python comes into view.
The endoplasm quivers.
You hit the gnoll. You freeze the gnoll.
The gnoll is moderately wounded.
The gnoll barely misses you.
You closely miss the gnoll.
The gnoll is moderately wounded.
You hit the endoplasm. You freeze the endoplasm. The endoplasm misses you.
The gnoll hits you with a +0 whip! The endoplasm hits you.
The gnoll hits you with a +0 whip!
* * * LOW HITPOINT WARNING * * *
You barely miss the gnoll.
The gnoll is moderately wounded.
You hit the endoplasm but do no damage. The endoplasm completely misses you.
The gnoll hits you with a +0 whip.
You die...

, ,, , .. * ######.. .
,, #. ....... .#, ,#.##
* , ##...#.# #. ,#...
......# . , , ,#... ,
.....#.# * ..####.. * *
#...#.####..........
*#.SgJ...........#... ,,
, #@#......#. *,#... **
,#........# #... ,
#........# * #... ,
#†.......# ,,#...
######........#.# ,#...
#................#, #...
#..)....#........#,,#...
#..........#...#. ##.<.
,
#......###.#####.###....


You could see a gnoll, an endoplasm and a ball python.

Vanquished Creatures
  A dart slug (D:1)
  A ball python (D:1)
  2 bats (D:1)
  A frilled lizard (D:1)
  2 rats (D:1)
7 creatures vanquished.

Notes
Turn   | Place    | Note
-------+----------+-------------------------------------------
     0 | D:1      | Coron the Deep Dwarf Enchanter began the quest for the Orb.
     0 | D:1      | Reached XP level 1. HP: 15/15 MP: 3/3
    61 | D:1      | Reached skill level 1 in Short Blades
   189 | D:1      | Slain by a gnoll

Illustrated notes

Levels and vault maps discovered:
D:1:      psy_arrival_spokes, layout_basic,
          shapermc_ecumenical_altar_mp_urbaneastern

Skill      XL: |  1 |
---------------+----+-----
Short Blades   | 1 |  1.0
Dodging        | |  2.4
Stealth        | |  3.9
Spellcasting   | |  1.9
Hexes          | |  2.4

Action                   || total
-------------------------++-------
Melee: Hand axe          ||    23
       Dagger            ||     1
       Punch             ||     1
 Stab: Sleeping          ||     2
Armor: Robe              ||     6
Dodge: Dodged            ||    20
